 Dungeon Crawl Stone Soup version 0.20.1-1-g8b1a95d (webtiles) character file.

207 dohliylev the Covert (level 5, 0/38 HPs)
             Began as a Vampire Assassin on Dec 6, 2017.
             Slain by a worker ant (1 damage)
             ... on level 4 of the Dungeon.
             The game lasted 00:10:57 (2611 turns).

dohliylev the Covert (Vampire Assassin)             Turns: 2611, Time: 00:10:57

Health: 0/38       AC:  5    Str: 17    XL:     5   Next: 54%
Magic:  0/4        EV: 13    Int: 13    God:
Gold:   136        SH:  0    Dex: 17    Spells: 4/4 levels left

rFire    . . .     SeeInvis +   a - +1 dagger (drain)
rCold    . . .     Gourm    .   (no shield)
rNeg     + + +     Faith    .   c - +0 robe
rPois    .         Spirit   +   (no helmet)
rElec    .         Reflect  .   d - +0 cloak
rCorr    .         Harm     .   (no gloves)
MR       .....                  h - +1 pair of boots
Stlth    ++++......             t - amulet of guardian spirit
Regen    0.2/turn               m - ring of positive energy
MPRegen  0.1/turn               z - ring of positive energy

@: mighty, lethally poisoned (0 -> -1)
A: fangs 3, see invisible, low mp 1, strong 1, unbreathing, sturdy frame 1
a: Bat Form


You were on level 4 of the Dungeon.
You were not thirsty.

You visited 1 branch of the dungeon, and saw 4 of its levels.

You collected 136 gold pieces.

Inventory:

Hand Weapons
 a - a +1 dagger of draining (weapon)
 b - a +0 blowgun
Missiles
 e - 20 poisoned needles
 f - 2 curare-tipped needles
Armour
 c - a +0 robe (worn)
 d - a +0 cloak (worn)
 h - a +1 pair of boots (worn)
Jewellery
 m - a ring of positive energy (left hand)
 t - an amulet of guardian spirit (around neck)
 z - a ring of positive energy (right hand)
Scrolls
 i - a scroll of amnesia {unknown}
 j - 2 scrolls of magic mapping {unknown}
 k - a scroll of identify {unknown}
 l - 4 scrolls of remove curse {unknown}
 p - a scroll of enchant armour {unknown}
 r - 2 scrolls of fear {unknown}
 s - 3 scrolls of teleportation {unknown}
 w - a scroll of recharging {unknown}
 y - a scroll of fog {unknown}
Potions
 g - 22 potions of blood
 o - a potion of ambrosia {unknown}
 q - a potion of invisibility {unknown}
 u - a potion of mutation
 v - a potion of agility {unknown}
 A - a potion of flight {unknown}
Books
 x - a book of Necromancy

   Spells                             Type                      Level
   a - Pain                           Necromancy                   1
   b - Animate Skeleton               Necromancy                   1
   c - Vampiric Draining              Necromancy                   3
   d - Regeneration                   Charms/Necromancy            3
   e - Animate Dead                   Necromancy                   4
   f - Control Undead                 Necromancy                   4


   Skills:
 + Level 2.1 Fighting
 + Level 3.7 Short Blades
 - Level 1.5 Throwing
 + Level 2.5 Dodging
 * Level 8.6 Stealth


You had 4 spell levels left.
You didn't know any spells.

Dungeon Overview and Level Annotations

Branches:
Dungeon (4/15)             Temple (0/1) D:4

Altars:
Fedhas

Annotations:
D:3 yogakurto's ghost, amateur OgWr


Innate Abilities, Weirdness & Mutations

You have razor-sharp teeth.
You have supernaturally acute eyesight. (SInv)
You can survive without breathing.
Your magical capacity is low. (-10% MP)
Your muscles are strong. (Str +2)
Your movements are slightly less encumbered by armour. (ER -2)


Message History

The worker ant is moderately wounded.
You feel sick. The worker ant bites you.
* * * LOW HITPOINT WARNING * * *
You hit the worker ant but do no damage.
You bite the worker ant, but do no damage.
The worker ant is moderately wounded.
The worker ant bites you!
* * * LOW HITPOINT WARNING * * *
You hit the worker ant but do no damage.
The worker ant is moderately wounded.
The worker ant closely misses you.
It was a potion of mutation.
You feel extremely strange.
You feel less energetic.
You feel stronger.
You feel less encumbered by your armour.
The worker ant closely misses you.
It was a potion of might.
You feel very mighty all of a sudden.
* * * LOW HITPOINT WARNING * * *
You feel sick. The worker ant misses you. The worker ant bites you.
You die...

############..###
#.......###..## #
#.>.#.>.#.....# #.
#.......#.....+ #.
##+##########...##
##..##..#...##..##...#
#...........'........#
#...........#........#
.###@######..##...#
#a##.#######...## .
#a.........)....# .
+...............# #.
#..#..#...##....#
#.##..##############
#......# #......#
#.(....#


You could see 2 worker ants.

Vanquished Creatures
  Terence (D:3)
  A worker ant zombie (D:3)
  3 gnolls (D:2)
  5 adders
  2 worms (D:3)
  2 dart slugs
  5 leopard geckos
  An orc (D:3)
  A ball python (D:1)
  4 giant cockroaches
  10 goblins
  7 hobgoblins
  4 jackals
  2 quokkas (D:3)
  10 bats
  6 frilled lizards
  A jackal skeleton (D:4)
  6 kobolds
  13 rats
84 creatures vanquished.

Notes
Turn   | Place    | Note
-------+----------+-------------------------------------------
     0 | D:1      | dohliylev the Vampire Assassin began the quest for the Orb.
     0 | D:1      | Reached XP level 1. HP: 16/16 MP: 1/1
    47 | D:1      | Reached skill level 6 in Stealth
   159 | D:1      | Reached XP level 2. HP: 20/22 MP: 2/2
   523 | D:1      | Reached skill level 7 in Stealth
   755 | D:1      | Reached XP level 3. HP: 27/27 MP: 3/3
  1072 | D:2      | Reached XP level 4. HP: 33/33 MP: 4/4
  1566 | D:3      | Reached skill level 8 in Stealth
  1678 | D:3      | Reached XP level 5. HP: 38/38 MP: 5/5
  1870 | D:3      | Found a blossoming altar of Fedhas.
  1933 | D:3      | Noticed Terence
  1955 | D:3      | Killed Terence
  2064 | D:3      | Noticed yogakurto's ghost (amateur OgWr)
  2526 | D:4      | Found a staircase to the Ecumenical Temple.
  2610 | D:4      | Gained mutation: Your magical capacity is low. (-10% MP) [potion of mutation]
  2610 | D:4      | Gained mutation: Your muscles are strong. (Str +2) [potion of mutation]
  2610 | D:4      | Gained mutation: Your movements are slightly less encumbered by armour. (ER -2) [potion of mutation]
  2611 | D:4      | HP: 1/38 [poisoned by a worker ant]
  2611 | D:4      | Slain by a worker ant

Skill      XL: |  1  2  3  4 |
---------------+-------------+-----
Stealth        | 6 7 8 |  8.6
Short Blades   | 3 |  3.7
Dodging        | 2 |  2.5
Fighting       | 2 |  2.1
Throwing       | |  1.5

Action                   |  1- 3 |  4- 6 || total
-------------------------+-------+-------++-------
Melee: Dagger            |    94 |   126 ||   220
       Bite              |     7 |    16 ||    23
 Fire: Blowgun           |    11 |    13 ||    24
  Use: Potion            |       |     2 ||     2
 Stab: Sleeping          |    10 |    12 ||    22
       Distracted        |       |     2 ||     2
  Eat: Corpse            |     5 |     3 ||     8
Armor: Robe              |    40 |    50 ||    90
Dodge: Dodged            |    90 |    81 ||   171
